 Dungeon Crawl Stone Soup version 0.28-a0-674-gdaf460b524 (webtiles) character file.

Game seed: 13274842833469481095

49 cheechan the Cudgeller (level 3, -8/26 HPs)
             Began as an Octopode Chaos Knight on Oct 17, 2021.
             Was a Plaything of Xom.
             Killed by divine providence
             ... invoked by an orc priest
              (14 damage)
             ... on level 2 of the Dungeon.
             The game lasted 00:06:09 (1854 turns).

cheechan the Cudgeller (Octopode Chaos Knight)      Turns: 1854, Time: 00:06:10

Health: -8/26      AC:  1    Str: 11    XL:     3   Next: 75%
Magic:  3/3        EV: 17    Int: 14    God:    Xom [....*.]
Gold:   80         SH:  0    Dex: 12    Spells: 2/2 levels left

rFire   . . .      SeeInvis .   a - +0 mace (chaos)
rCold   + . .      Faith    .   (no shield)
rNeg    . . .      Spirit   .   (helmet restricted)
rPois   .          Reflect  .   (no amulet)
rElec   .          Harm     .   f - ring "Hogopop" {rC+ Will- EV+4 Stlth+}
rCorr   .          Rampage  .   (no ring)
Will    .....                   (no ring)
Stlth   ++++......              (no ring)
HPRegen 0.08/turn               (no ring)
MPRegen 0.08/turn               (no ring)
                                (no ring)
                                (no ring)

@: no status effects
A: almost no armour, amphibious, 8 rings, camouflage 1, gelatinous body 1,
(nimble swimmer 1), tentacles
a: Renounce Religion


You were on level 2 of the Dungeon.
You worshipped Xom.
You were a beloved toy of Xom.
You visited 1 branch of the dungeon, and saw 2 of its levels.

You collected 80 gold pieces.

Inventory:

Hand Weapons
 a - a +0 mace of chaos (weapon)
 g - a +0 whip
Missiles
 b - 50 stones (quivered)
 d - 6 boomerangs
 h - 13 poisoned darts
Jewellery
 f - the ring "Hogopop" (left tentacle) {rC+ Will- EV+4 Stlth+}
   (You acquired it on level 2 of the Dungeon)

   [ring of evasion]

   EV:        It affects your evasion (+4).
   rC:        It protects you from cold.
   Will:      It decreases your willpower.
   Stlth:     It makes you more stealthy.
Potions
 c - 2 potions of curing {unknown}
 e - a potion of resistance {unknown}


   Skills:
 + Level 3.4 Fighting
 + Level 3.9 Maces & Flails
 + Level 2.6 Dodging
 + Level 1.5 Stealth


You had 2 spell levels left.
You didn't know any spells.
Your spell library was empty.

Dungeon Overview and Level Annotations

Branches:
Dungeon (2/15)

Altars:
Xom


Innate Abilities, Weirdness & Mutations

You cannot wear most types of armour.
You are amphibious.
You can wear up to eight rings at the same time.
Your skin changes colour to match your surroundings (Stealth+).
Your rubbery body absorbs attacks. (AC +1, EV +1)
((You are camouflaged near water. (Stealth+)))
You have tentacles for arms and can constrict up to eight enemies at once.


Message History

You constrict the jackal.
You kill the jackal!
Found a stone staircase leading down.
You see here 13 poisoned darts.
h - 13 poisoned darts An orc comes into view.
It is wielding a +0 falchion.
The orc shouts!
You hear a shout! x2
An orc comes into view. It is wielding a +0 trident.
An orc priest comes into view. It is wielding a +0 club.
The orc hits you from afar with a +0 trident.
The orc completely misses you.
You barely miss the orc. You grab the orc. You constrict the orc.
The orc misses you. x2
You hit the orc.
You feel better.
The orc is moderately wounded.
You constrict the orc. The orc completely misses you.
The orc priest hits you with a +0 club. The orc barely misses you.
The orc closely misses you.
You hit the orc priest but do no damage.
You grab the orc priest. You constrict the orc.
You kill the orc!
You constrict the orc priest, but do no damage.
The orc priest hits you with a +0 club. The orc closely misses you.
You hit the orc priest. You burn the orc priest.
The orc priest is lightly wounded.
You constrict the orc priest, but do no damage.
The orc priest completely misses you. The orc closely misses you.
The orc priest invokes the aid of Beogh against you.
Pain shoots through your body!
* * * LOW HITPOINT WARNING * * *
Okay, then.
You aren't carrying any scrolls.
You hit the orc priest. You drain the orc priest.
The orc priest is almost dead.
You constrict the orc priest, but do no damage.
The orc closely misses you.
The orc priest calls down the wrath of Beogh upon you.
Beogh smites you!
Ouch! That really hurt!
You die...

#.............###.#.#
#.##............# #.#.# .
#...............# #.#.###.
###>##...#.#....###'#'#...
.........#..............#
#.#...##.#.)............##
#...+...................
#...###.o#+#......#'####
### #.@)# #........#
#...o##..........####
#.....>. ###.....†.....
#.......+ +...........
#.......# #.........<.
+.......# #######.....
#.......# ###... #.#...#..
#... #...


You could see an orc priest (drained) and an orc.

Vanquished Creatures
  2 adders (D:2)
  A dart slug (D:1)
  An orc (D:2)
  3 ball pythons (D:1)
  A bat (D:1)
  2 endoplasms (D:1)
  3 giant cockroaches (D:1)
  2 hobgoblins (D:1)
  A jackal (D:2)
  A kobold (D:2)
  2 quokkas (D:1)
  4 frilled lizards
  2 rats
25 creatures vanquished.

Vanquished Creatures (others)
  A ball python (D:1)
  6 plants (D:2)
7 creatures vanquished.

Grand Total: 32 creatures vanquished

Notes
Turn   | Place    | Note
-------+----------+-------------------------------------------
     0 | D:1      | cheechan the Octopode Chaos Knight began the quest for the
                  | Orb.
     0 | D:1      | Reached XP level 1. HP: 16/16 MP: 1/1
   237 | D:1      | XOM: divination: magic mapping
   411 | D:1      | XOM: divination: magic mapping
   546 | D:1      | XOM: divination: detect creatures
   551 | D:1      | Reached XP level 2. HP: 21/21 MP: 2/2
   559 | D:1      | XOM: summons 1 hostile shadow creature
   849 | D:1      | XOM: scenery: create altars
   934 | D:1      | XOM: enchant monster (good)
  1402 | D:2      | Identified a scroll of acquirement
  1402 | D:2      | Acquired the ring "Hogopop" {rC+ Will- EV+4 Stlth+}
  1425 | D:2      | Reached XP level 3. HP: 26/26 MP: 3/3
  1467 | D:2      | Reached skill level 1 in Stealth
  1854 | D:2      | Killed from afar by an orc priest

Illustrated notes

Levels and vault maps discovered:
D:1:      dpeg_arrival_snail, layout_basic
D:2:      layout_basic, chequers_ecumenical_altar_lobes, uniq_natasha

Skill      XL: |  1  2  3 |
---------------+----------+-----
Stealth        | 1 |  1.5
Fighting       | |  3.4
Maces & Flails | |  3.9
Dodging        | |  2.6

Action                   || total
-------------------------++-------
Melee: Mace              ||    48
       Constrict         ||    13
       Tentacles         ||     7
  Use: Scroll            ||     1
 Stab: Sleeping          ||     5
Armor: Skin              ||     2
Dodge: Dodged            ||    38

Table legend: (Time is in decaauts)
 A = Elapsed time spent in this place.
 B = Non-inter-level travel time spent in this place.
 C = Inter-level travel time spent in this place.
 D = Time resting spent in this place.
 E = Time spent auto-exploring this place.
 F = Levels seen in this place.
 G = Mean time per level.
                   A        B        C        D        E       F      G
               +--------+--------+--------+--------+--------+-----+--------+
         Total |   1863 |   1863 |      0 |    569 |      0 |   2 |  931.5 |
       Dungeon |   1863 |   1863 |      0 |    569 |      0 |   2 |  931.5 |
               +--------+--------+--------+--------+--------+-----+--------+

Top non-repeatable levels by time:
     D:1: 1395 daAuts
     D:2: 468 daAuts
